 Dungeon Crawl Stone Soup version 0.31.0-9-g3a7656b989 (webtiles) character file.

Game seed: 2991103184728226760

14 qw the Shooter (level 2, -1/16 HPs)
             Began as a Deep Elf Hunter on Feb 2, 2024.
             Slain by Terence
             ... wielding a +0 trident
              (4 damage)
             ... on level 2 of the Dungeon.
             The game lasted 00:00:02 (1174 turns).

qw the Shooter (Deep Elf Hunter)                    Turns: 1174, Time: 00:00:02

Health: -1/16      AC:  5    Str:  8    XL:     2   Next: 27%
Magic:  4/4        EV: 10    Int: 13    God:
Gold:   12         SH:  0    Dex: 18    Spells: 1/1 levels left

rFire   . . .        a - +0 shortbow
rCold   . . .        (shield currently unavailable)
rNeg    . . .        e - +0 ring mail
rPois   .            (no helmet)
rElec   .            (no cloak)
rCorr   .            (no gloves)
SInv    .            (no boots)
Will    .....        (no amulet)
Stlth   +            (no ring)
HPRegen 0.22/turn    (no ring)
MPRegen 0.09/turn

%: no passive effects
@: no status effects
A: no striking features
a: no special abilities


You were on level 2 of the Dungeon.
You visited 1 branch of the dungeon, and saw 2 of its levels.

You collected 96 gold pieces.
You spent 84 gold pieces at shops.


   Skills:
 - Level 1.5 Fighting
 + Level 6.1 Ranged Weapons
 - Level 2.4 Dodging
 - Level 1.2 Stealth


You had one spell level left.
You didn't know any spells.
Your spell library was empty.

Inventory:

Hand Weapons
 a - a +0 shortbow (weapon)
Armour
 e - a +0 ring mail (worn)
Scrolls
 b - 3 scrolls of identify

Dungeon Overview and Level Annotations

Branches:
Dungeon (2/15)

Altars:

Shops:
D:2 ?

Annotations:
D:2 Terence


Message History

b - 2 scrolls of identify (gained 1) Thank you for shopping at Tauvowkiva's Magic Scroll Emporium!
You can access your shopping list by pressing '$'.
1159 ||| BUYING scroll of identify (28 gold).
b - 3 scrolls of identify (gained 1) Thank you for shopping at Tauvowkiva's Magic Scroll Emporium!
You can access your shopping list by pressing '$'.
1159 ||| SHOPLISTING scroll of identify (28 gold, have 12).
You can access your shopping list by pressing '$'.
A hobgoblin comes into view.
The hobgoblin shouts!
You hear a shout!
Things that are here:
a +1 short sword of speed; a stone You shoot an arrow.
The arrow hits the hobgoblin!
You kill the hobgoblin!
Terence the Incautious comes into view.
He is wielding a +0 trident and wearing a +4 chain mail of willpower.
Terence shouts!
You shoot an arrow.
The arrow hits Terence but does no damage.
You shoot an arrow.
The arrow hits Terence but does no damage.
You shoot an arrow. The arrow hits Terence!
Terence is heavily wounded.
You shoot an arrow.
The arrow hits Terence but does no damage.
Terence is heavily wounded.
Terence hits you from afar with a +0 trident!
Ouch! That really hurt!
You shoot an arrow.
The arrow hits Terence but does no damage.
Terence is heavily wounded.
Terence hits you but does no damage.
You shoot an arrow. The arrow hits Terence.
Terence is heavily wounded.
Terence barely misses you.
Terence hits you from afar with a +0 trident.
You shoot an arrow. The arrow barely misses Terence.
Terence hits you from afar with a +0 trident.
You die...
Terence says, "Time to find some more victims."

##....##...#.##.# #
............>##.####
##..#.....##.#....##
#..#......#.#..#.##
#..#........#..#.##
#..###.####.#...%..
#..# #.####.##<#...
#####..###....\.#######
#.....@)...............
#.###.......###.#######
#@#####.# #.# #. ..#
#.# #. #### #.# #. ..#
#. ... #.


You could see Terence.

Vanquished Creatures
  2 endoplasms
  A giant cockroach (D:2)
  2 hobgoblins
  A ball python (D:1)
  2 bats (D:1)
  A frilled lizard (D:1)
  4 kobolds
  A rat (D:1)
14 creatures vanquished.

Notes
Turn   | Place    | Note
-------+----------+-------------------------------------------
     0 | D:1      | qw the Deep Elf Hunter began the quest for the Orb.
     0 | D:1      | Reached XP level 1. HP: 12/12 MP: 3/3
     0 | D:1      | 0 ||| qw: Version: 0.3-a-155-g5e7d8dd
     0 | D:1      | 0 ||| qw: Game counter: 1385
     0 | D:1      | 0 ||| qw: Melee chars always use a shield: true
     0 | D:1      | 0 ||| qw: God list: Okawaru
     0 | D:1      | 0 ||| qw: Allow faded altars: false
     0 | D:1      | 0 ||| qw: Do Orc after clearing Dungeon:15 true
     0 | D:1      | 0 ||| qw: Do second Lair branch before Depths: true
     0 | D:1      | 0 ||| qw: Lair rune preference: random
     0 | D:1      | 0 ||| qw: Goals: Normal
     0 | D:1      | 0 ||| PLANNING D:1-11
   715 | D:1      | Reached XP level 2. HP: 16/16 MP: 4/4
   979 | D:1      | 979 ||| UPGRADING to +0 ring mail.
   989 | D:1      | 989 ||| DROPPING +0 leather armour.
   990 | D:1      | 990 ||| READING scroll labelled UMO JOEXYINLE.
   991 | D:1      | 991 ||| READING scroll labelled FAJACIXUEDGH.
  1092 | D:1      | 1092 ||| DROPPING scroll of butterflies.
  1119 | D:2      | Reached skill level 6 in Ranged Weapons
  1153 | D:2      | Found Tauvowkiva's Magic Scroll Emporium.
  1159 | D:2      | 1159 ||| SHOPLISTING scroll of enchant weapon (105 gold,
                  | have 96).
  1159 | D:2      | 1159 ||| BUYING scroll of identify (28 gold).
  1159 | D:2      | Bought a scroll of identify for 28 gold pieces
  1159 | D:2      | 1159 ||| BUYING scroll of identify (28 gold).
  1159 | D:2      | Bought a scroll of identify for 28 gold pieces
  1159 | D:2      | 1159 ||| BUYING scroll of identify (28 gold).
  1159 | D:2      | Bought a scroll of identify for 28 gold pieces
  1159 | D:2      | 1159 ||| SHOPLISTING scroll of identify (28 gold, have 12).
  1167 | D:2      | Noticed Terence
  1173 | D:2      | HP: 2/16 [Terence/+0 trident (3)]
  1174 | D:2      | Slain by Terence

Levels and vault maps discovered:
D:1:      dpeg_arrival_another_circle, layout_loops_corners
D:2:      layout_basic, serial_shops, shop, shapermc_ecumenical_altar_acropolis,
          nrook_uturn, uniq_terence

Skill      XL: |  1  2 |
---------------+-------+-----
Ranged Weapons | 6 |  6.1
Fighting       | |  1.5
Dodging        | |  2.4
Stealth        | |  1.2

Action                     || total
---------------------------++-------
   Fire: Shortbow          ||    37
    Use: Scroll            ||     2
 Armour: Leather armour    ||     3
         Ring mail         ||     4
  Dodge: Dodged            ||     6

Table legend:
 A = Non-vault XP
 B = Vault XP
 C = Vault XP percentage of total XP
 D = Non-vault monster count
 E = Vault monster count
 F = Vault count percentage of total count
                 A         B        C        D         E       F
            +---------+---------+-------+---------+---------+-------
      Total |      20 |       0 |   0.0 |      14 |       0 |   0.0
            +---------+---------+-------+---------+---------+-------
        D:1 |      12 |       0 |   0.0 |      10 |       0 |   0.0
        D:2 |       8 |       0 |   0.0 |       4 |       0 |   0.0
            +---------+---------+-------+---------+---------+-------
